 Dungeon Crawl Stone Soup version 0.30-b1-2-g02819fbbbe (webtiles) character file.

Game seed: 17318494863806391676

288 Vill the Trooper (level 6, -4/55 HPs)
             Began as a Minotaur Berserker on Sept 12, 2023.
             Was a Priest of Trog.
             Killed by divine providence
             ... invoked by an orc priest
              (16 damage)
             ... on level 4 of the Dungeon.
             The game lasted 00:11:15 (2830 turns).

Vill the Trooper (Minotaur Berserker)               Turns: 2830, Time: 00:11:15

Health: -4/55      AC:  5    Str: 23    XL:     6   Next: 9%
Magic:  5/5        EV: 12    Int:  4    God:    Trog [***...]
Gold:   148        SH:  0    Dex: 10    Spells: 5/5 levels left

rFire   . . .        a - +0 hand axe
rCold   . . .        (no shield)
rNeg    . . .        r - +0 ring mail
rPois   .            (helmet restricted)
rElec   .            (no cloak)
rCorr   .            (no gloves)
SInv    .            (no boots)
Will    .....        (no amulet) Stlth
                     (no ring)
HPRegen 0.29/turn    (no ring)
MPRegen 0.09/turn

%: no passive effects
@: lethally poisoned (-4 -> -6)
A: horns 2, retaliatory headbutt
a: Renounce Religion, Berserk, Trog's Hand


You were on level 4 of the Dungeon.
You worshipped Trog.
Trog was most pleased with you.
You visited 1 branch of the dungeon, and saw 4 of its levels.
You also visited: Sewer.

You collected 148 gold pieces.

Inventory:

Hand Weapons
 a - a +0 hand axe (weapon)
Armour
 r - a +0 ring mail (worn)
Scrolls
 b - 2 scrolls of teleportation {unknown}
 c - 5 scrolls of identify {unknown}
 f - a scroll of enchant armour {unknown}
 h - a scroll of fog {unknown}
 j - a scroll of poison {unknown}
 k - a scroll of vulnerability {unknown}
Potions
 d - a potion of heal wounds {unknown}
 e - 2 potions of mutation {unknown}
 g - 2 potions of haste {unknown}
 i - 2 potions of ambrosia {unknown}
 m - 2 potions of curing {unknown}
 n - a potion of might {unknown}
 o - a potion of attraction {unknown}
 p - a potion of flight {unknown}
 q - a potion of lignification {unknown}


   Skills:
 + Level 4.9 Fighting
 + Level 4.8 Axes
 + Level 2.3 Throwing
 + Level 4.0 Armour
 + Level 3.7 Dodging


You had 5 spell levels left.
You didn't know any spells.
Your spell library was empty.

Dungeon Overview and Level Annotations

Branches:
Dungeon (4/15)              Sewer (visited)
 Temple: D:4-7

Altars:
Kikubaaqudgha
Qazlal
Uskayaw

Annotations:
D:4 Eustachio


Innate Abilities, Weirdness & Mutations

You have a pair of horns on your head.
You reflexively headbutt those who attack you in melee.


Message History

You are poisoned.
The scorpion poisons you!
You slash the scorpion! Your headbutt misses the scorpion.
The scorpion is severely wounded.
You closely miss the iguana.
You feel very sick. The scorpion stings you! The iguana closely misses you.
You hit the scorpion.
The scorpion is severely wounded.
You hit the iguana.
You feel sick. The scorpion barely misses you. The iguana bites you.
The scorpion misses you.
You barely miss the scorpion. Your headbutt misses the scorpion.
The scorpion is severely wounded.
You completely miss the iguana.
You feel very sick. The iguana closely misses you.
The scorpion barely misses you. You furiously retaliate!
You headbutt the scorpion.
You kill the scorpion!
Trog accepts your kill. The iguana barely misses you.
Your Armour skill increases to level 4!
You have reached level 6!
You hit the iguana. You headbutt the iguana.
The iguana is moderately wounded.
You hit the orc priest.
You feel sick. The iguana closely misses you. You furiously retaliate!
You headbutt the iguana! The orc priest hits you with a +0 whip.
You barely miss the iguana.
The iguana is almost dead.
You hit the orc priest.
You feel sick. The orc priest hits you with a +0 whip. The iguana bites you!
* * * LOW HITPOINT WARNING * * *
You are too injured to fight recklessly!
You are too injured to fight recklessly!
You are too injured to fight recklessly!
The orc priest attacks as you move away!
The orc priest misses you.
You feel sick.
The orc priest calls down the wrath of Beogh upon you.
Beogh smites you!
You die...

.......$........
...............
.......#......<
..........#
..........##
######.....#
##...o## #.##l.#
#...@## #.##.#
#..##..# #..#
#.## #.# ###


You could see an iguana and an orc priest.

Vanquished Creatures
  A water moccasin (Sewer)
  A scorpion (D:4)
  2 river rats (D:3)
  3 adders
  2 worms (D:3)
  6 ball pythons
  8 endoplasms
  2 giant cockroaches
  5 goblins
  9 hobgoblins
  4 jackals (D:1)
  3 quokkas
  8 bats
  4 frilled lizards
  7 kobolds
  14 rats
  A bush (D:3)
80 creatures vanquished.

Vanquished Creatures (others)
  A plant (D:3)
1 creature vanquished.

Grand Total: 81 creatures vanquished

Notes
Turn   | Place    | Note
-------+----------+-------------------------------------------
     0 | D:1      | Vill the Minotaur Berserker began the quest for the Orb.
     0 | D:1      | Reached XP level 1. HP: 19/19 MP: 0/0
   206 | D:1      | Reached XP level 2. HP: 19/27 MP: 1/1
   336 | D:1      | Reached ** piety under Trog
   398 | D:1      | Reached XP level 3. HP: 29/33 MP: 2/2
   742 | D:1      | You fall into a shaft and drop 1 floor!
  1091 | D:2      | Reached skill level 1 in Throwing
  1133 | D:2      | Reached *** piety under Trog
  1311 | D:2      | Reached XP level 4. HP: 38/40 MP: 3/3
  1919 | D:3      | Found a glowing drain.
  1928 | Sewer    | Entered a sewer
  1956 | Sewer    | Noticed a water moccasin
  1965 | Sewer    | Killed a water moccasin
  1966 | Sewer    | Reached XP level 5. HP: 23/47 MP: 4/4
  2345 | D:3      | Found an ancient bone altar of Kikubaaqudgha.
  2345 | D:3      | Found a hide-covered altar of Uskayaw.
  2348 | D:3      | Found a stormy altar of Qazlal.
  2771 | D:4      | Noticed Eustachio
  2828 | D:4      | Reached XP level 6. HP: 34/55 MP: 5/5
  2830 | D:4      | Killed from afar by an orc priest

Illustrated notes

Levels and vault maps discovered:
D:1:      matt_arrival_spirals, layout_rooms
D:2:      layout_loops_corners, st_stairs_3, minmay_box_of_dots
D:3:      layout_loops_cross, gammafunk_temple_overflow_forgotten,
          lightli_sewer_entry_pipes, chequers_jeans
D:4:      layout_rooms, lemuel_doored_altar, elyvilon_altar_1,
          nicolae_nh_ransacked_shop, uniq_natasha, uniq_eustachio

Skill      XL: |  1  2  3  4  5 |
---------------+----------------+-----
Fighting       | 4 |  4.9
Axes           | 4 |  4.8
Armour         | 3 4 |  4.0
Throwing       | 1 2 |  2.3
Dodging        | 3 |  3.7

Action                     |  1- 3 |  4- 6 || total
---------------------------+-------+-------++-------
  Melee: Hand axe          |   110 |   108 ||   218
         Headbutt          |     7 |    36 ||    43
  Throw: Stone             |     1 |       ||     1
 Invoke: Trog's Hand       |       |     1 ||     1
 Armour: Animal skin       |    12 |       ||    12
         Leather armour    |    15 |       ||    15
         Chain mail        |     7 |    26 ||    33
  Dodge: Dodged            |    76 |    28 ||   104
